TOP OF THE 1ST |
Belvedere Park Rawhides batting - Pitching for Portsmouth Coasties : RHP Jesús López
|
Pitching: RHP Jesús López
|
|
Batting: RHB Ralph McKnight
|
0-0: Ball 1-0: Swinging Strike 1-1: Called Strike 1-2: Ball 2-2: Strikes out looking
|
Batting: SHB Jason Alexander
|
0-0: SINGLE (Line Drive, 9LS)
|
Batting: RHB Jeff Cox
|
0-0: Ball 1-0: SINGLE (Line Drive, 78S) Jason Alexander to second
|
Batting: RHB Danny Penn
|
0-0: Called Strike 0-1: Ball 1-1: Called Strike 1-2: SINGLE (Line Drive, 56) Jason Alexander to third Jeff Cox to second
|
Batting: RHB Pedro Jiménez
|
0-0: Ball 1-0: Called Strike 1-1: Swinging Strike 1-2: SINGLE (Line Drive, 4D) Jason Alexander scores Jeff Cox to third Danny Penn to second Runner from 3rd tries for Home, SAFE, no throw or cutoff
|
Batting: LHB Clark Espinosa
|
0-0: Called Strike 0-1: Ball 1-1: Called Strike 1-2: Foul Ball, location: 2F 1-2: Grounds into double play, 4-6-3 (Groundball, 4M)
|
Top of the 1st over - 2 run(s), 4 hit(s), 0 error(s), 1 left on base; Belvedere Park 2 - Portsmouth 0 |
BOTTOM OF THE 1ST |
Portsmouth Coasties batting - Pitching for Belvedere Park Rawhides : LHP Homer Shafer
|
Pitching: LHP Homer Shafer
|
|
Batting: RHB José Masaferro
|
0-0: Ball 1-0: Ball 2-0: Ball 3-0: Called Strike 3-1: Base on Balls
|
Batting: RHB José Villegas
|
0-0: Ball 1-0: Fly out, F7 (Flyball, 78M)
|
Batting: RHB Pablo Lugo
|
0-0: Called Strike 0-1: Ball 1-1: Ball 2-1: Fly out, F8 (Flyball, 8RM)
|
Batting: SHB Jim Bunker
|
0-0: Called Strike José Masaferro is caught stealing 2nd base
|
Bottom of the 1st over - 0 run(s), 0 hit(s), 0 error(s), 0 left on base; Belvedere Park 2 - Portsmouth 0 |
TOP OF THE 2ND |
Belvedere Park Rawhides batting - Pitching for Portsmouth Coasties : RHP Jesús López
|
Batting: RHB Gary Perkins
|
0-0: Called Strike 0-1: Fly out, F7 (Flyball, 7M)
|
Batting: RHB Michael Taylor
|
0-0: Ball 1-0: DOUBLE (Line Drive, 7LM)
|
Batting: RHB Marlon Cummins
|
0-0: Foul Ball, location: 2F 0-1: Swinging Strike 0-2: Strikes out swinging
|
Batting: RHB Ralph McKnight
|
0-0: Fly out, F7 (Line Drive, 78M)
|
Top of the 2nd over - 0 run(s), 1 hit(s), 0 error(s), 1 left on base; Belvedere Park 2 - Portsmouth 0 |
BOTTOM OF THE 2ND |
Portsmouth Coasties batting - Pitching for Belvedere Park Rawhides : LHP Homer Shafer
|
Batting: SHB Jim Bunker
|
0-0: Foul Ball, location: 2F 0-1: Ball 1-1: Called Strike 1-2: Foul Ball, location: 2F 1-2: Foul Ball, location: 2F 1-2: Ball 2-2: Foul Ball, location: 2F 2-2: Ball 3-2: Fly out, F8 (Line Drive, 8RM)
|
Batting: RHB Ángel Ruezga
|
0-0: Called Strike 0-1: Called Strike 0-2: Ball 1-2: Fly out, F7 (Flyball, 7S)
|
Batting: RHB Dave Davis
|
0-0: Swinging Strike 0-1: Called Strike 0-2: Foul Ball, location: 2F 0-2: Ball 1-2: Ball 2-2: Fly out, F3 (Popup, 3F)
|
Bottom of the 2nd over - 0 run(s), 0 hit(s), 0 error(s), 0 left on base; Belvedere Park 2 - Portsmouth 0 |
TOP OF THE 3RD |
Belvedere Park Rawhides batting - Pitching for Portsmouth Coasties : RHP Jesús López
|
Batting: SHB Jason Alexander
|
0-0: SINGLE (Groundball, 25) (infield hit)
|
Batting: RHB Jeff Cox
|
0-0: Ball Wild Pitch! Jason Alexander to second 1-0: Ball 2-0: SINGLE (Line Drive, 56) Jason Alexander to third
|
Batting: RHB Danny Penn
|
0-0: Ball 1-0: Ball 2-0: Foul Ball, location: 2F 2-1: Fly out, F6 (Line Drive, 6M)
|
Batting: RHB Pedro Jiménez
|
0-0: Foul Ball, location: 2F 0-1: Ball Jeff Cox steals 2nd base 1-1: Foul Ball, location: 2F 1-2: Foul Ball, location: 2F 1-2: Ball 2-2: Foul Ball, location: 2F 2-2: Foul Ball, location: 2F 2-2: Foul Ball, location: 2F 2-2: Foul Ball, location: 2F 2-2: Strikes out swinging
|
Batting: LHB Clark Espinosa
|
0-0: Called Strike 0-1: SINGLE (Groundball, 25) (infield hit) Jason Alexander scores Jeff Cox to third
|
Batting: RHB Gary Perkins
|
0-0: Ball 1-0: Called Strike 1-1: Swinging Strike 1-2: Strikes out swinging
|
Top of the 3rd over - 1 run(s), 3 hit(s), 0 error(s), 2 left on base; Belvedere Park 3 - Portsmouth 0 |
BOTTOM OF THE 3RD |
Portsmouth Coasties batting - Pitching for Belvedere Park Rawhides : LHP Homer Shafer
|
Batting: SHB Lou Boone
|
0-0: Ball 1-0: Called Strike 1-1: Ball 2-1: Called Strike 2-2: SOLO HOME RUN (Flyball, 89XD) (Inside the Park)
|
Batting: LHB José Rodríguez
|
0-0: Called Strike 0-1: Foul Ball, location: 2F 0-2: Foul Ball, location: 2F 0-2: Ball 1-2: Ball 2-2: Foul Ball, location: 2F 2-2: Fly out, F8 (Flyball, 89M)
|
Batting: RHB John Aston
|
0-0: Called Strike 0-1: Foul Ball, location: 2F 0-2: Ball 1-2: Strikes out looking
|
Batting: RHB José Masaferro
|
0-0: Called Strike 0-1: Ball 1-1: Ball 2-1: Fly out, F9 (Line Drive, 9S)
|
Bottom of the 3rd over - 1 run(s), 1 hit(s), 0 error(s), 0 left on base; Belvedere Park 3 - Portsmouth 1 |
TOP OF THE 4TH |
Belvedere Park Rawhides batting - Pitching for Portsmouth Coasties : RHP Jesús López
|
Batting: RHB Michael Taylor
|
0-0: Called Strike 0-1: Ball 1-1: Ball 2-1: Swinging Strike 2-2: Ball 3-2: Fly out, F9 (Popup, 89S)
|
Batting: RHB Marlon Cummins
|
0-0: Ball 1-0: Ball 2-0: Ball 3-0: Called Strike 3-1: Base on Balls
|
Batting: RHB Ralph McKnight
|
0-0: SINGLE (Line Drive, 8LS) Marlon Cummins to second
|
Batting: SHB Jason Alexander
|
0-0: Called Strike 0-1: Ball 1-1: Swinging Strike 1-2: Strikes out swinging
|
Batting: RHB Jeff Cox
|
0-0: Called Strike 0-1: Swinging Strike 0-2: Ball Wild Pitch! Marlon Cummins to third Ralph McKnight to second 1-2: Strikes out swinging
|
Top of the 4th over - 0 run(s), 1 hit(s), 0 error(s), 2 left on base; Belvedere Park 3 - Portsmouth 1 |
BOTTOM OF THE 4TH |
Portsmouth Coasties batting - Pitching for Belvedere Park Rawhides : LHP Homer Shafer
|
Batting: RHB José Villegas
|
0-0: Foul Ball, location: 2F 0-1: Ball 1-1: Ball 2-1: Called Strike 2-2: DOUBLE (Line Drive, 78M)
|
Batting: RHB Pablo Lugo
|
0-0: Called Strike 0-1: Foul Ball, location: 2F 0-2: Fly out, F8 (Flyball, 8RS)
|
Batting: SHB Jim Bunker
|
0-0: Ball 1-0: Called Strike 1-1: SINGLE (Groundball, 56) José Villegas to third Runner from 3rd tries for Home, SAFE, no throw or cutoff
|
Batting: RHB Ángel Ruezga
|
0-0: Called Strike 0-1: Swinging Strike 0-2: Foul Ball, location: 2F 0-2: Fly out, F8 (Flyball, 89M)
|
Batting: RHB Dave Davis
|
0-0: Called Strike 0-1: Swinging Strike 0-2: Ball 1-2: Ball 2-2: Ball 3-2: Strikes out looking
|
Bottom of the 4th over - 1 run(s), 2 hit(s), 0 error(s), 1 left on base; Belvedere Park 3 - Portsmouth 2 |
TOP OF THE 5TH |
Belvedere Park Rawhides batting - Pitching for Portsmouth Coasties : RHP Jesús López
|
Batting: RHB Danny Penn
|
0-0: Called Strike 0-1: SINGLE (Line Drive, 89S)
|
Batting: RHB Pedro Jiménez
|
0-0: Ball 1-0: Foul Ball, location: 2F 1-1: Ball 2-1: Called Strike 2-2: Strikes out looking
|
Batting: LHB Clark Espinosa
|
0-0: Ball 1-0: Grounds into double play, 6-4-3 (Groundball, 6)
|
Top of the 5th over - 0 run(s), 1 hit(s), 0 error(s), 0 left on base; Belvedere Park 3 - Portsmouth 2 |
BOTTOM OF THE 5TH |
Portsmouth Coasties batting - Pitching for Belvedere Park Rawhides : LHP Homer Shafer
|
Batting: SHB Lou Boone
|
0-0: Fly out, F9 (Flyball, 9M)
|
Batting: LHB José Rodríguez
|
0-0: Foul Ball, location: 2F 0-1: Ball 1-1: Swinging Strike 1-2: Strikes out swinging
|
Batting: RHB John Aston
|
0-0: Called Strike 0-1: Ball 1-1: Hit by Pitch
|
Batting: RHB José Masaferro
|
0-0: Fly out, F9 (Flyball, 89M)
|
Bottom of the 5th over - 0 run(s), 0 hit(s), 0 error(s), 1 left on base; Belvedere Park 3 - Portsmouth 2 |
TOP OF THE 6TH |
Belvedere Park Rawhides batting - Pitching for Portsmouth Coasties : RHP Jesús López
|
Batting: RHB Gary Perkins
|
0-0: Called Strike 0-1: Foul Ball, location: 2F 0-2: Ball 1-2: Foul Ball, location: 2F 1-2: Ball 2-2: Strikes out swinging
|
Batting: RHB Michael Taylor
|
0-0: SINGLE (Line Drive, 4M)
|
Batting: RHB Marlon Cummins
|
0-0: Ball 1-0: Ball 2-0: Called Strike 2-1: Called Strike 2-2: Strikes out swinging
|
Batting: RHB Ralph McKnight
|
0-0: Swinging Strike 0-1: SINGLE (Groundball, 34D) Michael Taylor to second Runner from 2nd tries for 3rd, SAFE, no throw or cutoff
|
Batting: SHB Jason Alexander
|
0-0: Ball 1-0: Ball 2-0: Swinging Strike 2-1: Called Strike 2-2: Foul Ball, location: 2F 2-2: Ball 3-2: SINGLE (Flyball, 7S) Michael Taylor scores Ralph McKnight to second Ralph McKnight to third
|
Batting: RHB Jeff Cox
|
0-0: Called Strike 0-1: Ball 1-1: Foul Ball, location: 2F 1-2: Foul Ball, location: 2F 1-2: Fielders Choice at 2nd, U6 (Groundball, 6M)
|
Top of the 6th over - 1 run(s), 3 hit(s), 0 error(s), 2 left on base; Belvedere Park 4 - Portsmouth 2 |
BOTTOM OF THE 6TH |
Portsmouth Coasties batting - Pitching for Belvedere Park Rawhides : LHP Homer Shafer
|
Batting: RHB José Villegas
|
0-0: Foul Ball, location: 2F 0-1: Swinging Strike 0-2: Ball 1-2: Fly out, F4 (Line Drive, 4M)
|
Batting: RHB Pablo Lugo
|
0-0: Ball 1-0: Foul Ball, location: 2F 1-1: Ball 2-1: Called Strike 2-2: Fly out, F4 (Popup, 4MD)
|
Batting: SHB Jim Bunker
|
0-0: Ball 1-0: Called Strike 1-1: Called Strike 1-2: Ball 2-2: Strikes out swinging
|
Bottom of the 6th over - 0 run(s), 0 hit(s), 0 error(s), 0 left on base; Belvedere Park 4 - Portsmouth 2 |
TOP OF THE 7TH |
Belvedere Park Rawhides batting - Pitching for Portsmouth Coasties : RHP Jesús López
|
Batting: RHB Danny Penn
|
0-0: Called Strike 0-1: Foul Ball, location: 2F 0-2: Ball 1-2: Foul Ball, location: 2F 1-2: Ball 2-2: Ball 3-2: Ground out 4-3 (Groundball, 34)
|
Batting: RHB Pedro Jiménez
|
0-0: Swinging Strike 0-1: Ball 1-1: Ball 2-1: Called Strike 2-2: Strikes out swinging
|
Batting: LHB Clark Espinosa
|
0-0: Foul Ball, location: 2F 0-1: Ball 1-1: Bunted foul 1-2: Ball 2-2: Strikes out looking
|
Top of the 7th over - 0 run(s), 0 hit(s), 0 error(s), 0 left on base; Belvedere Park 4 - Portsmouth 2 |
BOTTOM OF THE 7TH |
Portsmouth Coasties batting - Pitching for Belvedere Park Rawhides : LHP Homer Shafer
|
Batting: RHB Ángel Ruezga
|
0-0: Called Strike 0-1: Ball 1-1: SINGLE (Groundball, 4MD) (infield hit)
|
Batting: RHB Dave Davis
|
0-0: Fly out, F8 (Flyball, 89M)
|
Batting: SHB Lou Boone
|
0-0: Ball 1-0: Called Strike 1-1: Ball 2-1: Ball 3-1: 2-RUN HOME RUN (Flyball, 8LD), Distance : 432 ft
|
Pinch Hitting: RHB Jim Unknown
|
0-0: Hit by Pitch
|
Pitching: LHP Marc Burns
|
|
Batting: RHB John Aston
|
0-0: Called Strike 0-1: Foul Ball, location: 2F 0-2: Strikes out swinging
|
Batting: RHB José Masaferro
|
0-0: Foul Ball, location: 2F 0-1: Called Strike 0-2: Ball 1-2: SINGLE (Flyball, 9LM) Jim Unknown to second Runner from 2nd tries for 3rd, SAFE, throw made to third José Masaferro to second
|
Batting: RHB José Villegas
|
0-0: Fly out, F7 (Flyball, 78M)
|
Bottom of the 7th over - 2 run(s), 3 hit(s), 0 error(s), 2 left on base; Belvedere Park 4 - Portsmouth 4 |
TOP OF THE 8TH |
Belvedere Park Rawhides batting - Pitching for Portsmouth Coasties : RHP Jesús López
|
Pitching: RHP David Davis
|
|
Now at 1B: John Gilliam
|
|
Batting: RHB Gary Perkins
|
0-0: Called Strike 0-1: Swinging Strike 0-2: Ball 1-2: Strikes out swinging
|
Pinch Hitting: LHB Eugene Lawrence
|
0-0: Ground out 4-3 (Groundball, 4MS)
|
Pinch Hitting: LHB José Estrada
|
0-0: Ground out 5-3 (Groundball, 56S)
|
Top of the 8th over - 0 run(s), 0 hit(s), 0 error(s), 0 left on base; Belvedere Park 4 - Portsmouth 4 |
BOTTOM OF THE 8TH |
Portsmouth Coasties batting - Pitching for Belvedere Park Rawhides : LHP Marc Burns
|
Now at 1B: José Estrada
|
|
Now in CF: Javier Pérez
|
|
Batting: RHB Pablo Lugo
|
0-0: Ball 1-0: Ball 2-0: Foul Ball, location: 2F 2-1: Ball 3-1: Base on Balls
|
Pinch Hitting: RHB Ángel López
|
0-0: Called Strike 0-1: Swinging Strike 0-2: Ball 1-2: Strikes out swinging
|
Batting: RHB Ángel Ruezga
|
0-0: Called Strike 0-1: Ball 1-1: Fly out, F9 (Flyball, 9M)
|
Batting: RHB Dave Davis
|
0-0: Ball 1-0: Foul Ball, location: 2F 1-1: Called Strike 1-2: Ball 2-2: SINGLE (Groundball, 6MD) Pablo Lugo to second
|
Batting: SHB Lou Boone
|
0-0: Called Strike 0-1: Fly out, F7 (Flyball, 78S)
|
Bottom of the 8th over - 0 run(s), 1 hit(s), 0 error(s), 2 left on base; Belvedere Park 4 - Portsmouth 4 |
TOP OF THE 9TH |
Belvedere Park Rawhides batting - Pitching for Portsmouth Coasties : RHP David Davis
|
Now at 3B: Jim McCormick
|
|
Pinch Hitting: LHB Jerry Burnett
|
0-0: Ball 1-0: Called Strike 1-1: Foul Ball, location: 2F 1-2: Ball 2-2: Foul Ball, location: 2F 2-2: Ball 3-2: Strikes out swinging
|
Batting: SHB Jason Alexander
|
0-0: Called Strike 0-1: Ball 1-1: Swinging Strike 1-2: Ball 2-2: SINGLE (Flyball, 34D)
|
Pinch Hitting: RHB Jim Unknown
|
0-0: Called Strike 0-1: Called Strike 0-2: Ball 1-2: Foul Ball, location: 2F 1-2: Ball 2-2: Fielders Choice at 2nd, 4-6 (Groundball, 34)
|
Pinch Hitting: SHB Jared Robinson
|
0-0: Called Strike 0-1: Ball 1-1: Ball 2-1: Called Strike 2-2: Ball 3-2: DOUBLE (Flyball, 89D) Jim Unknown to third Jim Unknown scores
|
Pitching: RHP Xavier Andrade
|
|
Pinch Hitting: SHB Ron Dennis
|
0-0: Called Strike 0-1: Swinging Strike 0-2: Foul Ball, location: 2F 0-2: Ball 1-2: Fly out, F6 (Popup, 5D)
|
Top of the 9th over - 1 run(s), 2 hit(s), 0 error(s), 1 left on base; Belvedere Park 5 - Portsmouth 4 |
|